 Dungeon Crawl Stone Soup version 0.28.0-53-g5a82cb258f (webtiles) character file.

Game seed: 15527993739961442861

38 jamesblauser the Grave Robber (level 3, -6/24 HPs)
             Began as a Vampire Necromancer on Nov 5, 2022.
             Mangled by Terence
             ... wielding a +0 falchion
              (7 damage)
             ... on level 2 of the Dungeon.
             The game lasted 00:21:46 (1449 turns).

jamesblauser the Grave Robber (Vampire Necromancer) Turns: 1449, Time: 00:21:47

Health: -6/24      AC: 11    Str:  9    XL:     3   Next: 25%
Magic:  6/6        EV:  0    Int: 17    God:
Gold:   84         SH:  3    Dex: 14    Spells: 5/6 levels left

rFire   . . .      SeeInvis +   j - +2 dagger (drain)
rCold   . . .      Faith    .   c - +0 buckler
rNeg    . . .      Spirit   .   b - +1 plate armour
rPois   .          Reflect  .   (no helmet)
rElec   .          Harm     .   (no cloak)
rCorr   .          Rampage  .   (no gloves)
Will    .....                   (no boots)
Stlth   ..........              (no amulet)
HPRegen 0.28/turn               (no ring)
MPRegen 0.10/turn               (no ring)

@: healing quickly
A: alive, fangs 3, see invisible, vampiric 2
a: Exsanguinate


You were on level 2 of the Dungeon.
You visited 1 branch of the dungeon, and saw 2 of its levels.

You collected 84 gold pieces.

Inventory:

Hand Weapons
 d - a +0 club
 f - a +1 dagger {dagger}
 g - a +0 short sword
 h - a +0 mace
 i - a +0 short sword
 j - a +2 dagger of draining (weapon)
Missiles
 l - 26 sling bullets
Armour
 a - a +0 robe {plate armour}
 b - a +1 plate armour (worn)
 c - a +0 buckler (worn)
 e - a +0 plate armour
 k - a +0 leather armour
 m - a +0 scale mail
Scrolls
 n - a scroll of vulnerability


   Skills:
 + Level 0.1 Fighting
 + Level 0.1 Short Blades
 + Level 1.4 Armour
 + Level 2.2 Dodging
 + Level 3.0 Stealth
 + Level 0.3 Shields
 + Level 0.8 Unarmed Combat
 + Level 2.0 Spellcasting
 + Level 4.8 Necromancy


You had 5 spell levels left.
You knew the following spells:

 Your Spells              Type           Power      Damage    Failure   Level
a - Pain                  Necr           72%        1d7       100%        1

Your spell library contained the following spells:

 Spells                   Type           Power      Damage    Failure   Level
 Animate Skeleton         Necr           36%        N/A       100%        1
 Beastly Appendage        Tmut           2%         N/A       100%        1
 Wereblood                Tmut           1%         N/A       100%        2
 Spider Form              Tmut/Pois      1%         N/A       100%        3
 Vampiric Draining        Necr           18%        2d7       100%        3
 Animate Dead             Necr           9%         N/A       100%        4
 Agony                    Necr           18%        N/A       100%        5


Dungeon Overview and Level Annotations

Branches:
Dungeon (2/15)

Altars:

Shops:
D:2 *

Annotations:
D:2 Terence


Innate Abilities, Weirdness & Mutations

Your natural rate of healing is accelerated.
You have razor-sharp teeth.
You have supernaturally acute eyesight. (SInv)
You are afflicted with vampirism and can become a bat while bloodless.


Message History

The adder hisses angrily.
You hear a shout!
You hit the adder. You drain the adder.
The adder is moderately wounded.
The adder bites you but does no damage.
You closely miss the adder.
The adder is moderately wounded.
The adder bites you but does no damage. Terence hits you with a +0 falchion!
The adder bites you but does no damage.
You hit the adder. You drain the adder.
The adder is almost dead.
You block Terence's attack. The adder bites you but does no damage.
You barely miss the adder.
The adder is almost dead.
A kobold comes into view. It is wielding a +0 dagger.
The adder bites you but does no damage. Terence hits you but does no damage.
You hit the adder.
You kill the adder!
Terence hits you with a +0 falchion! Terence hits you with a +0 falchion.
* * * LOW HITPOINT WARNING * * *
There is a stone staircase leading down, spattered with blood here.
Terence hits you with a +0 falchion.
* * * LOW HITPOINT WARNING * * *
You closely miss Terence. Your bite misses Terence.
Terence hits you but does no damage.
You hit Terence.
Terence is moderately wounded.
You block Terence's attack.
You hit Terence but do no damage.
Terence is moderately wounded.
Terence hits you with a +0 falchion.
* * * LOW HITPOINT WARNING * * *
The kobold hits you but does no damage. You block the kobold's attack.
You block Terence's attack. The kobold hits you with a +0 dagger.
* * * LOW HITPOINT WARNING * * *
Terence hits you with a +0 falchion.
* * * LOW HITPOINT WARNING * * *
The kobold hits you but does no damage. Terence hits you with a +0 falchion!
You die...

......# .......
....... .......
.......
.......###########
..........>......#
#>......K@.#
#.......@..# #
###..########
.#######.......#
...............#
#.######.......#
#...<..........#
###..........###
##...........#
.......†.....#


You could see Terence and a kobold.

Vanquished Creatures
  2 adders (D:2)
  A dart slug (D:1)
  3 ball pythons
  An endoplasm (D:1)
  2 hobgoblins
  A quokka (D:1)
  3 bats
  3 goblins (D:1)
  A kobold (D:1)
  A rat (D:2)
18 creatures vanquished.

Notes
Turn   | Place    | Note
-------+----------+-------------------------------------------
     0 | D:1      | jamesblauser the Vampire Necromancer began the quest for
                  | the Orb.
     0 | D:1      | Reached XP level 1. HP: 13/13 MP: 3/3
   757 | D:1      | Reached XP level 2. HP: 15/19 MP: 3/5
  1375 | D:2      | Found Kida's General Store.
  1407 | D:2      | Reached skill level 1 in Armour
  1416 | D:2      | Gained mutation: You are afflicted with vampirism and can
                  | become a bat while bloodless. [Vampire growth]
  1416 | D:2      | Reached XP level 3. HP: 24/24 MP: 6/6
  1426 | D:2      | Noticed Terence
  1448 | D:2      | HP: 1/24 [Terence/+0 falchion (6)]
  1449 | D:2      | Mangled by Terence

Illustrated notes

Levels and vault maps discovered:
D:1:      elethiomel_arrival_fortress_basement, layout_basic,
          minmay_split_cup_small
D:2:      layout_rooms, serial_shops, shop, guppyfry_early_orc_mine,
          uniq_terence

Skill      XL: |  1  2 |
---------------+-------+-----
Armour         | 1 |  1.4
Fighting       | |  0.1
Short Blades   | |  0.1
Dodging        | |  2.2
Stealth        | |  3.0
Shields        | |  0.3
Unarmed Combat | |  0.8
Spellcasting   | |  2.0
Necromancy     | |  4.8

Action                   || total
-------------------------++-------
Melee: Unarmed           ||    43
       Bite              ||     7
       Club              ||     5
       Dagger            ||    32
 Cast: Pain              ||     1
  Use: Scroll            ||     5
Armor: Plate armour      ||   103
       Robe              ||     1
Dodge: Dodged            ||     5
Block: Buckler           ||    23
